Match 43679969
Unlisted

Match 43679969
End
Construct Infanterie Kompanie
Selects Italian Coastal Battlegroup
Selects Coastal Reserves
Coastal Reserve
Kettenkrad Recon Vehicle
MG 42 Machine Gun Team
GrW 34 Mortar Team
Infanterie Officer Quarters
MG 42 Bunker
Construct Panzergrenadier Kompanie
MG 42 Bunker
Panzergrenadier Squad
Panzergrenadier Officer Quarters
Selects Support Bunkers
Pak 40 Anti-tank Gun Team
Construct Panzer Kompanie
Medical Bunker
Panzer Officer Quarters
Selects Artillery Officer
Selects Rapid Fortifications
Artillery Officer
Stoßtruppen Squad
Pak 40 Anti-tank Gun Team
Anti-tank Bunker
Rapid Fortifications
Anti-tank Bunker
Selects Obice da 210/22 Artillery Emplacement
Side Skirts
Panzer IV Medium Tank
Pak 40 Anti-tank Gun Team
Panzer IV Medium Tank
Panzer IV Medium Tank
Coastal Reserve
Selects Bulwark
Rapid Fortifications
Repair Bunker
Medical Bunker
Jæver
Gatom
Marijuana
[38.] Nowhere Queen
TheStorm
Gringo_Killah1
0
0

Comments sign in to comment!

No comments posted yet!